 Dungeon Crawl Stone Soup version 0.31-a0-435-g2c6fae2916 (webtiles) character file.

Game seed: 12436719092277437540

822 Newt the Spear-Bearer (level 7, 0/56 HPs)
             Began as a Merfolk Gladiator on Aug 1, 2023.
             Slain by Blork the orc
             ... wielding a +0 scimitar
              (12 damage)
             ... on level 5 of the Dungeon.
             The game lasted 00:04:30 (4375 turns).

Newt the Spear-Bearer (Merfolk Gladiator)           Turns: 4375, Time: 00:04:31

Health: 0/56       AC:  9    Str: 16    XL:     7   Next: 95%
Magic:  7/7        EV: 14    Int: 10    God:
Gold:   348        SH:  4    Dex: 16    Spells: 6/6 levels left

rFire   + . .        a - +0 trident
rCold   . . .        n - +0 buckler
rNeg    + . .        k - +3 leather armour {rF+}
rPois   .            l - +2 hat {Int+3}
rElec   .            (no cloak)
rCorr   .            (no gloves)
SInv    .            h - +0 pair of boots
Will    .....        (no amulet)
Stlth   +            o - ring of positive energy
HPRegen 0.29/turn    (no ring)
MPRegen 0.10/turn

%: no passive effects
@: no status effects
A: (nimble swimmer 2), mertail
a: no special abilities


You were on level 5 of the Dungeon.
You visited 2 branches of the dungeon, and saw 6 of its levels.

You collected 348 gold pieces.

Inventory:

Hand Weapons
 a - a +0 trident (weapon)
 q - a +0 glaive
Missiles
 d - 2 throwing nets (quivered)
 e - a javelin
Armour
 b - a +0 leather armour
 c - a +0 helmet
 h - a +0 pair of boots (worn)
 k - a +3 leather armour of fire resistance (worn)
 l - a +2 hat of intelligence (worn)
 n - a +0 buckler (worn)
Jewellery
 o - a ring of positive energy (left hand)
Scrolls
 f - 2 scrolls of teleportation
 i - 3 scrolls of vulnerability
 j - 3 scrolls of identify
 m - 2 scrolls of enchant weapon
Potions
 g - a potion of curing
 p - a potion of haste
 r - a potion of attraction {unknown}
 s - a potion of resistance {unknown}


   Skills:
 + Level 5.1 Fighting
 - Level 9.0 Polearms
 - Level 2.0 Throwing
 - Level 7.0 Dodging


You had 6 spell levels left.
You didn't know any spells.
Your spell library contained the following spells:

 Spells                   Type           Power      Damage    Failure   Level
 Hailstorm                Conj/Ice       0%         3d3       88%         3
 Summon Ice Beast         Ice/Summ       0%         N/A       99%         4
 Simulacrum               Ice/Necr       0%         N/A       100%        6


Dungeon Overview and Level Annotations

Branches:
Dungeon (5/15)             Temple (1/1) D:4

Altars:
Dithmenos
Gozag
Nemelex Xobeh
Ru
Sif Muna
Trog
Wu Jian
Xom
Zin

Annotations:
D:5 Blork the orc


Innate Abilities, Weirdness & Mutations

((You are very nimble when in or above water. (Stealth+, EV+, Speed+++)))
Your lower body shifts to a powerful aquatic tail in water.


Message History

Throw: 3 throwing nets
Press: ? - help, Q - select action, (/) - cycle Shift-Dir - straight line, f - orc warrior
Aim: an orc warrior, wielding a +0 battleaxe and wearing a +0 chain mail (heavily wounded, 57% to hit)
You throw a throwing net. The throwing net hits the orc warrior.
The orc warrior is caught in the net!
The orc warrior is heavily wounded.
The orc warrior struggles against the net.
You hit the orc warrior.
The orc warrior is heavily wounded.
The orc warrior struggles against the net.
You hit the orc warrior.
The orc warrior is severely wounded.
The orc warrior struggles against the net.
You catch the helpless orc warrior completely off-guard!
You hit the orc warrior.
The orc warrior is almost dead.
The orc warrior struggles against the net.
You hit the orc warrior but do no damage.
The orc warrior is almost dead.
You hit the orc warrior.
You kill the orc warrior!
You puncture something!
Reactivating autopickup.
You feel a bit more experienced. Blork the orc closely misses you.
Training target 7.0 for Dodging reached!
Your Dodging skill increases to level 7!
You need to enable at least one skill for training.
Unknown command.
You barely miss Blork the orc. Blork the orc misses you.
You hit Blork the orc.
Blork the orc is lightly wounded.
Blork the orc hits you but does no damage.
You puncture Blork the orc!
Blork the orc is moderately wounded.
Blork the orc hits you with a +0 scimitar.
* * * LOW HITPOINT WARNING * * *
You puncture Blork the orc!
Blork the orc is heavily wounded.
Blork the orc hits you with a +0 scimitar!
You die...

### #### ## ###### ####.## #...
....###..~.# ##.....######...
.......#.~~P## #.......#.......
#........P~~.# #.......†.##....
#.......~~P.######......####....
#...........##@.......## #.#..
#)..........o####...## #.###
#.........### #.### #.# #
#........## ### ..# #.#.....####
... #....### #.#..## #. #$.# .
#..#


You could see Blork the orc (fast).

Vanquished Creatures
  Sigmund (D:3)
  Eustachio (D:4)
  A wyvern (D:5)
  An orc warrior (D:5)
  A hound (D:5)
  An orc priest (D:3)
  Terence (D:3)
  An orc wizard (D:5)
  5 adders
  5 worms
  2 dart slugs
  9 orcs (D:3)
  9 ball pythons
  6 endoplasms
  4 giant cockroaches
  9 goblins
  10 hobgoblins
  5 jackals (D:2)
  A kobold (D:2)
  2 quokkas (D:1)
  6 bats
  3 frilled lizards
  4 rats
88 creatures vanquished.

Notes
Turn   | Place    | Note
-------+----------+-------------------------------------------
     0 | D:1      | Newt the Merfolk Gladiator began the quest for the Orb.
     0 | D:1      | Reached XP level 1. HP: 16/16 MP: 1/1
   189 | D:1      | Reached XP level 2. HP: 21/23 MP: 2/2
   791 | D:2      | Reached XP level 3. HP: 12/30 MP: 3/3
  1045 | D:2      | Identified the +0 scale mail of Mental Paralysis {Dex+2}
  1642 | D:2      | Reached XP level 4. HP: 36/38 MP: 4/4
  2270 | D:3      | Reached skill level 5 in Fighting
  2470 | D:3      | Reached XP level 5. HP: 19/44 MP: 5/5
  2584 | D:3      | Reached skill level 5 in Polearms
  2699 | D:3      | Noticed Sigmund
  2719 | D:3      | Killed Sigmund
  2720 | D:3      | Reached skill level 7 in Polearms
  2720 | D:3      | Reached XP level 6. HP: 32/51 MP: 6/6
  2850 | D:3      | Noticed Terence
  2864 | D:3      | Killed Terence
  3671 | D:4      | Reached skill level 8 in Polearms
  3688 | D:4      | Found a staircase to the Ecumenical Temple.
  3708 | D:4      | Found a shadowy altar of Dithmenos.
  3708 | D:4      | Noticed Eustachio
  3782 | Temple   | Entered the Ecumenical Temple
  4020 | D:4      | Killed Eustachio
  4021 | D:4      | Reached skill level 9 in Polearms
  4021 | D:4      | Reached XP level 7. HP: 41/56 MP: 7/7
  4290 | D:5      | Entered Level 5 of the Dungeon
  4326 | D:5      | Noticed a wyvern
  4327 | D:5      | Noticed Blork the orc
  4333 | D:5      | Killed a wyvern
  4334 | D:5      | Reached skill level 5 in Dodging
  4375 | D:5      | Slain by Blork the orc

Illustrated notes

Levels and vault maps discovered:
D:1:      scummos_arrival_gate, layout_basic
D:2:      layout_loops_corners, feat_on_display
D:3:      kb_forest_paths, layout_basic, hangedman_decor_opposing,
          kennysheep_pointless_box, minmay_strange_pillars, minmay_hedge_maze,
          nrook_campfire, kennysheep_generic_room_8, uniq_terence, uniq_sigmund
D:4:      layout_basic, mainiacjoe_overflow_alcove_4, minmay_temple_entry_waves,
          eino_small_chamber_without_monster, minmay_between, uniq_eustachio
D:5:      layout_cave_pods, fedhas_altar_fruit_tree,
          cheibrodos_ashenzari_chains, eino_tiny_chamber, serial_bayou_pond_e,
          minmay_manual_mail, uniq_blork_the_orc, uniq_grinder, uniq_pikel
Temple:   hellmonk_temple_beads

Skill      XL: |  1  2  3  4  5  6  7 |
---------------+----------------------+-----
Fighting       | 3 4 5 |  5.1
Polearms       | 7 9 |  9.0
Dodging        | 7 |  7.0
Throwing       | |  2.0

Action                     |  1- 3 |  4- 6 |  7- 9 || total
---------------------------+-------+-------+-------++-------
  Melee: Trident           |    97 |   210 |    38 ||   345
         Punch             |     1 |       |       ||     1
  Throw: Throwing net      |       |     3 |     1 ||     4
    Use: Potion            |     1 |       |     1 ||     2
         Scroll            |       |     4 |     1 ||     5
   Stab: Sleeping          |       |     3 |       ||     3
         Held in net/web   |       |       |     1 ||     1
 Armour: Leather armour    |    26 |    62 |    11 ||    99
  Dodge: Dodged            |    59 |   117 |    18 ||   194
  Block: Buckler           |       |    37 |     6 ||    43

Table legend: (Time is in decaauts)
 A = Elapsed time spent in this place.
 B = Non-inter-level travel time spent in this place.
 C = Inter-level travel time spent in this place.
 D = Time resting spent in this place.
 E = Time spent auto-exploring this place.
 F = Levels seen in this place.
 G = Mean time per level.
                   A        B        C        D        E       F      G
               +--------+--------+--------+--------+--------+-----+--------+
         Total |   4387 |   4256 |    131 |    827 |   2744 |   6 |  731.2 |
       Dungeon |   4385 |   4256 |    129 |    827 |   2744 |   5 |  877.0 |
        Temple |      1 |      0 |      1 |      0 |      0 |   1 |    1.0 |
               +--------+--------+--------+--------+--------+-----+--------+

Top non-repeatable levels by time:
     D:2: 1507 daAuts
     D:3: 1209 daAuts
     D:4: 829 daAuts
     D:1: 758 daAuts
     D:5: 80 daAuts
  Temple: 1 daAuts
